Unix NetHack Version 5.0.0-0 post-release - last build Jun 10 2026 00:39:30 (3ee93aec679c4c4259841fe613dc97188e26a321,branch:main).

Game began 2026-06-13 00:06:57, ended 2026-06-13 20:28:01.

Ch3Begorrah, chaotic male human Rogue

                                  -----
                                  |)!%|
                                - |.[[|
                                |.+)!)|
                                | -----

                                           -
                                  -----   .+
                                  |...| ...|
                                  |..@G.-
                                  |._.|.|
                                  |.@.| +
                                  -----

Ch3Begorrah the Rogue   St:13 Dx:18 Co:17 In:10 Wi:13 Ch:10  Chaotic
Dlvl:6  $:276 HP:0(54) Pw:31(31) AC:0  Xp:7 T:4280  Burdened

Latest messages:
 You see here a potion of healing (for sale, 27 zorkmids).
 The dwarf lady hits!
 The dwarf lady hits again!
 You begin bashing monsters with your gloved hands.
 You hit the dwarf lady.
 The dwarf lady misses!
 The dwarf lady misses!
 You hit the dwarf lady.
 The dwarf lady hits!
 The dwarf lady misses!
 The dwarf lady hits!
 The dwarf lady hits again!
 Hebiwerie whispers an incantation.
 Suddenly, the shop door reappears!
 You hear crashing rock.
 You hit the dwarf lady.
 In what direction? h
 The dagger hits the dwarf lady.
 The dwarf lady hits!
 The dwarf lady just misses!
 You hear crashing rock.
 In what direction? h
 You throw 2 daggers.
 The 1st dagger hits the dwarf lady.
 The 2nd dagger hits the dwarf lady.
 The dwarf lady hits!
 The dwarf lady hits again!
 The dwarf lady hits!
 The dwarf lady hits again!
 What do you want to drink? [L or ?*] ?
 Never mind.
 What do you want to read? [knqtvFTUW or ?*] ?
 As you read the scroll, it disappears.
 You materialize in a different location!
 The priest of Issek intones:
 "Pilgrim, you enter a sacred place!"
 You have a forbidding feeling...
 What do you want to drink? [L or ?*] <esc>
 Never mind.
 In what direction? l
 The door closes.
 What do you want to use or apply? [bd-gijlpyDHJKWY or ?*] e
 In what direction? l
 Lock it? [ynq] (q) y
 The gnomish wizard opens a door.
 You stop locking the door.
 The gnomish wizard casts a spell at you!
 Your head suddenly aches painfully!
 You die...
 Do you want your possessions identified? [ynq] (y) q

Inventory:
 Coins    ('$')
  $ - 276 gold pieces
 Weapons  (')')
  X - 10 +0 daggers (at the ready)
  Z - a +0 dagger (alternate weapon; not wielded)
 Armor    ('[')
  M - a cursed -2 helm of opposite alignment
  z - an uncursed +0 orcish helm (being worn)
  A - an uncursed +0 pair of leather gloves (being worn)
  w - an uncursed +0 pair of iron shoes (being worn)
  V - an uncursed +0 cloak of protection (being worn)
  c - an uncursed +1 leather armor (being worn)
 Comestibles  ('%')
  s - an uncursed slime mold
  S - an uncursed carrot
  m - 2 uncursed food rations
  Q - an uncursed lembas wafer
 Scrolls  ('?')
  U - an uncursed scroll of charging
  t - an uncursed scroll of create monster
  F - 3 uncursed scrolls of earth
  T - a cursed scroll of enchant armor
  n - an uncursed scroll of gold detection named ok
  k - a blessed scroll of magic mapping named ok
  v - an uncursed scroll of remove curse
 Spellbooks  ('+')
  W - an uncursed spellbook of detect unseen
 Potions  ('!')
  L - an uncursed potion of invisibility
 Rings    ('=')
  G - an uncursed ring of free action named ok
  N - a cursed -1 ring of gain constitution
  O - an uncursed +1 ring of gain strength
  P - a cursed -2 ring of protection
  a - an uncursed ring of regeneration named ok
  o - an uncursed ring of slow digestion
  E - an uncursed ring of slow digestion named ok
 Wands    ('/')
  p - a wand of cancellation (0:4)
  K - a wand of cold (0:2)
  D - a wand of fire (0:7)
  j - a wand of lightning (0:3)
  b - a wand of magic missile (0:6)
 Tools    ('(')
  f - an uncursed sack containing 18 items
  g - an uncursed blindfold
  y - a can of grease (0:17)
  e - an uncursed lock pick
  l - a cursed magic lamp (lit)
  Y - an uncursed magic whistle
  J - an uncursed stethoscope
  H - an uncursed tin whistle
  d - an uncursed towel
  i - an uncursed towel
 Gems/Stones  ('*')
  x - an uncursed worthless piece of white glass
  u - an uncursed worthless piece of yellow glass

Contents of the sack:
  205 gold pieces
  a cursed slime mold
  an uncursed apple
  an uncursed clove of garlic
  a potion of holy water
  an uncursed potion of gain ability
  a blessed potion of polymorph
  an uncursed potion of sickness
  a +0 pick-axe
  3 uncursed worthless pieces of black glass
  an uncursed worthless piece of blue glass
  a cursed jade stone
  an uncursed worthless piece of red glass
  an uncursed garnet stone
  3 uncursed worthless pieces of yellowish brown glass
  2 uncursed worthless pieces of white glass
  an uncursed worthless piece of yellow glass
  3 uncursed flint stones

Ch3Begorrah the Rogue's attributes:

Background:
 You were a Rogue, level 7 male human.
 You were chaotic, nominally on a mission for Kos
 who was opposed by Issek (lawful) and Mog (neutral).
 You were right-handed.
 You were in the Gnomish Mines, on level 6.
 You entered the dungeon 4280 turns ago.
 You had 992 experience points, 288 more were needed to attain level 8.

Basics:
 You had 0 out of 54 hit points.
 You had all 31 energy points (spell power).
 Your armor class was 0.
 Your wallet contained 276 zorkmids, and
 you had 205 more stashed away in your pack.
 Autopickup was on for '$!/(' plus thrown, with exceptions.

Final Characteristics:
 Your strength was 13 (limit:18/100).
 Your dexterity was 18 (limit:18).
 Your constitution was 17 (limit:18).
 Your intelligence was 10 (limit:18).
 Your wisdom was 13 (limit:18).
 Your charisma was 10 (limit:18).

Final Status:
 You weren't hungry.
 You were burdened; movement was slightly slowed.
 You were empty handed.
 You were unskilled in bare handed combat.

Final Attributes:
 You were piously aligned.
 You were stealthy.
 You were protected.
 You are dead.

Miscellaneous:
 You didn't encounter any bones levels.
 Total elapsed playing time was 38 minutes and 43 seconds.

Major events:
 Turn
    1: Ch3Begorrah the chaotic male human Rogue entered the dungeon
  610: entered the Gnomish Mines
  630: attained the rank of Cutpurse (level 3)
 2670: attained the rank of Rogue (level 6)
 2737: entered Sokoban
 4280: killed by a gnomish wizard

You didn't know any spells.

Skills:
 Fighting Skills
   bare handed combat [Unskilled]
   two weapon combat  [Unskilled]
   riding             [Unskilled]
 Weapon Skills
   dagger             [Skilled]
   knife              [Unskilled]
   short sword        [Basic]
   broadsword         [Unskilled]
   long sword         [Unskilled]
   two-handed sword   [Unskilled]
   saber              [Unskilled]
   club               [Unskilled]
   mace               [Unskilled]
   morning star       [Unskilled]
   flail              [Unskilled]
   hammer             [Unskilled]
   polearms           [Unskilled]
   spear              [Unskilled]
   crossbow           [Unskilled]
   dart               [Unskilled]
   shuriken           [Unskilled]
 Spellcasting Skills
   divination spells  [Unskilled]
   escape spells      [Unskilled]
   matter spells      [Unskilled]

Voluntary challenges:
 Character rerolling was not enabled.
 You followed a strict vegan diet.
 You were an atheist.
 You never genocided any monsters.
 You never polymorphed an object.
 You never changed form.
 You used no wishes.
 You did not violate any of the special Sokoban rules.
Achievements:
 You entered the Gnomish Mines.
 You attained the rank of Cutpurse.
 You entered a shop.
 You attained the rank of Rogue.
 You entered Sokoban.
 You entered a temple.

 The Dungeons of Doom: levels 1 to 11
    Level 1:
    Level 2:
       Stairs down to The Gnomish Mines.
    Level 3:
       An armor shop.
    Level 4:
       A general store, a fountain.
    Level 5:
       Many fountains.
       Oracle of Delphi.
    Level 6:
       Stairs up to Sokoban, level 5.
    Level 7:
    Level 8:
    Level 9:
    Level 10:
    Level 11:
       Summoned by the Master of Thieves.
 The Gnomish Mines: levels 3 to 6
    Level 3:
    Level 4:
    Level 5:
    Level 6: <- You were here.
       A general store, a temple and an altar.
       Final resting place for
          you, killed by a gnomish wizard.
 Sokoban:
    Level 5:
       Unsolved.


Vanquished creatures:
  a leprechaun
  a gnome ruler
  a snake
  7 Uruk-hai
  2 rock moles
  2 fog clouds
  3 gnome leaders
  a golden naga hatchling
 an elf zombie
  a ghoul
  a giant ant
  a little dog
  2 floating eyes
  2 kittens
  5 dwarves
  a rothe
  a giant bat
 an orc zombie
  3 iguanas
  a coyote
  3 hobbits
  a large kobold
  a hobgoblin
  3 cave spiders
  a brown mold
 27 gnomes
  2 geckos
  2 jackals
  a fox
  3 goblins
  4 sewer rats
  7 grid bugs
  3 bats
  5 lichens
  2 kobold zombies
  7 newts
110 creatures vanquished.

No species were genocided or became extinct.

Game over:
                       ----------
                      /          \
                     /    REST    \
                    /      IN      \
                   /     PEACE      \
                  /                  \
                  |   Ch3Begorrah    |
                  |      481 Au      |
                  |   killed by a    |
                  |  gnomish wizard  |
                  |                  |
                  |                  |
                  |       2026       |
                 *|     *  *  *      | *
        _________)/\\_//(\/(/\)/\//\/|_)_______

Goodbye Ch3Begorrah the Rogue...

You died in The Gnomish Mines on dungeon level 6 with 4041 points,
and 481 pieces of gold, after 4280 moves.
You were level 7 with a maximum of 54 hit points when you died.

